 Dungeon Crawl Stone Soup version 0.23.2-1-ga50397a (webtiles) character file.

Game seed: 17398653466395330753

31 MalarOregon the Digger (level 3, -5/27 HPs)
             Began as a Ghoul Earth Elementalist on June 2, 2019.
             Slain by a gnoll
             ... wielding a +0 halberd
              (15 damage)
             ... on level 1 of the Dungeon.
             The game lasted 00:04:04 (1190 turns).

MalarOregon the Digger (Ghoul Earth Elementalist)   Turns: 1190, Time: 00:04:05

Health: -5/27      AC:  3    Str: 11    XL:     3   Next: 22%
Magic:  1/4        EV: 12    Int: 10    God:
Gold:   24         SH:  0    Dex: 10    Spells: 4/5 levels left

rFire    . . .     SeeInvis .   (no weapon)
rCold    + . .     Gourm    .   (no shield)
rNeg     + + +     Faith    .   c - +0 robe
rPois    ∞         Spirit   .   (no helmet)
rElec    .         Reflect  .   (no cloak)
rCorr    +         Harm     .   a - +0 pair of gloves
MR       .....                  (no boots)
Stlth    ++........             (no amulet)
HPRegen  0.00/turn              d - ring of resist corrosion
MPRegen  0.09/turn              (no ring)

@: rotting
A: rotting body, claws 1, carnivore, cold resistance 1, negative energy
resistance 3, inhibited regeneration, torment resistance, unbreathing
a: no special abilities


You were on level 1 of the Dungeon.
You were not hungry.

You visited 1 branch of the dungeon, and saw 1 of its levels.

You collected 24 gold pieces.

Inventory:

Missiles
 b - 28 stones (quivered)
Armour
 a - a +0 pair of gloves (worn)
   (You found it on level 1 of the Dungeon)
 c - a +0 robe (worn)
Jewellery
 d - a ring of resist corrosion (left hand)
   (You found it on level 1 of the Dungeon)
Scrolls
 f - 3 scrolls of identify {unknown}
Potions
 g - 2 potions of curing {unknown}
 h - a potion of heal wounds {unknown}
 j - a potion of haste {unknown}
Comestibles
 e - 2 rations {!d}
 i - 3 chunks of flesh


   Skills:
 + Level 0.6 Fighting
 - Level 2.0 Dodging
 + Level 2.6 Stealth
 + Level 0.9 Unarmed Combat
 + Level 1.9 Spellcasting
   Level 0.8 Transmutations
 * Level 3.8 Earth Magic


You had 4 spell levels left.
You knew the following spells:

 Your Spells              Type           Power        Failure   Level  Hunger
a - Sandblast             Erth           #.....       7%          1    ##.....

Your spell library contained the following spells:

 Spells                   Type           Power        Failure   Level  Hunger
 Passwall                 Tmut/Erth      #.......     19%         2    ###....
 Stone Arrow              Conj/Erth      #.....       41%         3    ####...
 Petrify                  Tmut/Erth      #.......     75%         4    #####..
 Lee's Rapid Deconstruct  Erth           #.........   88%         5    ######.


Dungeon Overview and Level Annotations

Branches:
Dungeon (1/15)

Altars:


Innate Abilities, Weirdness & Mutations

Your body is rotting away.
You thrive on raw meat.
You are immune to poison.
You have sharp fingernails.
You are carnivorous and can eat meat at any time.
Your flesh is cold resistant. (rC+)
You are immune to negative energy. (rN+++)
You do not regenerate when monsters are visible.
You are immune to unholy pain and torment.
You can survive without breathing.


Message History

You kill the kobold!
No target in view!
Things that are here:
a +0 short sword; a kobold corpse You butcher the kobold corpse.
i - 6 chunks of flesh (gained 1)
Things that are here:
a +0 short sword; a kobold skeleton
Things that are here:
a +0 short sword; a kobold skeleton
Found 3 gold pieces.
Found a scroll labeled DASKIDGH SODO.
You now have 24 gold pieces (gained 3).
f - 3 scrolls labeled DASKIDGH SODO (gained 1)
A hobgoblin comes into view.
The hobgoblin shouts!
A hobgoblin is nearby!
A hobgoblin is nearby!
A gnoll comes into view. It is wielding a +0 halberd.
Aim: a hobgoblin The blast of sand misses the hobgoblin.
b - 31 stones The gnoll shouts!
Aim: a hobgoblin The blast of sand hits the hobgoblin.
b - 30 stones The hobgoblin hits you.
You barely miss the hobgoblin. The hobgoblin closely misses you.
You barely miss the hobgoblin. The hobgoblin completely misses you.
You closely miss the hobgoblin. The hobgoblin hits you.
The gnoll closely misses you.
You hit the hobgoblin.
You kill the hobgoblin!
The gnoll hits you from afar with a +0 halberd.
Some of the chunks of flesh in your inventory have rotted away.
Aim: a gnoll, wielding a +0 halberd The blast of sand misses the gnoll.
b - 29 stones
Aim: a gnoll, wielding a +0 halberd The blast of sand hits the gnoll.
b - 28 stones The gnoll misses you.
The gnoll misses you.
You see here a hobgoblin corpse.
You hit the gnoll. The gnoll hits you with a +0 halberd!
* * * LOW HITPOINT WARNING * * *
You closely miss the gnoll. The gnoll barely misses you.
You completely miss the gnoll. The gnoll hits you with a +0 halberd!
Ouch! That really hurt!
You die...

.................#
##......#######..#
#......# #..#
#......# #..#
#.....## #..#
#..... #..# #.....
#..# #..# #@.#
#g.# ..... ##.#.##
#.#.. #.#...
#.##### #.#


You could see a gnoll.

Vanquished Creatures
  2 dart slugs (D:1)
  A leopard gecko (D:1)
  A giant cockroach (D:1)
  4 goblins (D:1)
  5 hobgoblins (D:1)
  4 jackals (D:1)
  2 bats (D:1)
  2 kobolds (D:1)
  A rat (D:1)
22 creatures vanquished.

Notes
Turn   | Place    | Note
-------+----------+-------------------------------------------
     0 | D:1      | MalarOregon the Ghoul Earth Elementalist began the quest
                  | for the Orb.
     0 | D:1      | Reached XP level 1. HP: 14/14 MP: 2/2
   210 | D:1      | Reached XP level 2. HP: 18/22 MP: 3/3
   953 | D:1      | Reached XP level 3. HP: 21/26 MP: 4/4
  1190 | D:1      | Slain by a gnoll

Skill      XL: |  1  2 |
---------------+-------+-----
Dodging        | 2 |  2.0
Fighting       | |  0.6
Stealth        | |  2.6
Unarmed Combat | |  0.9
Spellcasting   | |  1.9
Transmutations | |  0.8
Earth Magic    | |  3.8

Action                   || total
-------------------------++-------
Melee: Unarmed           ||   127
 Cast: Sandblast         ||    18
  Eat: Chunk             ||     4
Armor: Robe              ||    33
Dodge: Dodged            ||    90
